 Dungeon Crawl Stone Soup version 0.14.1-24-gbdbe590 (webtiles) character file.

460 Kassandra the Transmogrifier (level 6, -4/43 HPs)
             Began as a Merfolk Transmuter on June 15, 2014.
             Slain by a scorpion (6 damage)
             ... while paralysed by a potion of paralysis
             ... on Level 3 of the Dungeon.
             The game lasted 00:15:21 (3640 turns).

Kassandra the Transmogrifier (Merfolk Transmuter)   Turns: 3640, Time: 00:15:21

HP  -4/43        AC  2     Str 11      XL: 6   Next: 43%
MP   1/10        EV  2     Int 14      God:
Gold 145         SH  0     Dex 14      Spells:  3 memorised,  1 level left

rFire  . . .     SeeInvis .       - Unarmed
rCold  . . .     Clarity  .     c - +0 robe
rNeg   . . .     Conserve .     (no shield)
rPois  .         rCorr    .     (no helmet)
rElec  .         rRot     .     (no cloak)
SustAb . .       Spirit   .     (no gloves)
rMut   .         Warding  .     (no boots)
Saprov . . .     Stasis   .     u - amulet of rage
MR     .....                    (no ring)
                                m - +4 ring of evasion

@: paralysed, lethally poisoned, very slightly contaminated, not resistant to
hostile enchantments, unstealthy
A: change form in water, swift swim
a: Evoke Berserk Rage


You were on level 3 of the Dungeon.
You were very hungry.

You visited 1 branch of the dungeon, and saw 4 of its levels.

You collected 145 gold pieces.

Inventory:

Missiles
 b - 12 arrows
Armour
 c - a +0 robe (worn)
Magical devices
 s - a wand of draining (6) {unknown}
Comestibles
 a - a bread ration
 g - 2 chunks of hound flesh
 o - a chunk of jackal flesh
 v - 2 meat rations
Scrolls
 f - a scroll of random uselessness
 h - a scroll of amnesia {unknown}
 i - a scroll of enchant armour {unknown}
 j - a scroll of teleportation {unknown}
 k - 2 scrolls of identify {unknown}
 l - a scroll of remove curse {unknown}
 n - a scroll of blinking {unknown}
Jewellery
 m - a +4 ring of evasion (left hand)
 u - an amulet of rage (around neck)
Potions
 q - a potion of degeneration {unknown}
 r - a potion of restore abilities {unknown}
 x - a potion of porridge
Books
 d - a book of Changes

   Spells                             Type                      Level
   *Beastly Appendage                 Transmutation                1
   Sticks to Snakes                   Transmutation                2
   *Spider Form                       Transmutation/Poison         3
   *Ice Form                          Ice/Transmutation            4
   Blade Hands                        Transmutation                5


   Skills:
 - Level 1.1 Fighting
 - Level 2.6 Dodging
 - Level 4.0 Unarmed Combat
 - Level 2.0 Spellcasting
 + Level 8.0 Transmutations
 - Level 1.2 Poison Magic


You had one spell level left.
You knew the following spells:

 Your Spells              Type           Power        Failure   Level  Hunger
a - Beastly Appendage     Trmt           ###...       1%          1    ##.....
b - Spider Form           Trmt/Pois      ##........   12%         3    ####...
c - Ice Form              Ice/Trmt       ##........   45%         4    #####..


Dungeon Overview and Level Annotations

Branches:
Dungeon (4/15)
 Temple: D:4-7

Altars:

Annotations:
D:2 Sigmund


Message History

You hit the scorpion but do no damage.
The scorpion is moderately wounded.
The scorpion misses you.
You completely miss the scorpion.
The scorpion is moderately wounded.
The scorpion stings you.
You are poisoned.
The scorpion poisons you!
Drink which item? (? for menu, Esc to quit)
You suddenly lose the ability to move!
It was a potion of paralysis.
You feel sick. The scorpion stings you!
* * * LOW HITPOINT WARNING * * *
* * * LOW HITPOINT WARNING * * *
You feel sick. The scorpion barely misses you.
* * * LOW HITPOINT WARNING * * *
You feel sick. The scorpion stings you.
* * * LOW HITPOINT WARNING * * *
* * * LOW HITPOINT WARNING * * *
You feel sick. The scorpion stings you.
You die...

.#.#### #.....# #........##..
.#(# #####.# #........##..
.#.#### #.# #........##.. ......#
#.# #........##.. ...##.# #%#
#........##.. ...##.#
##'#####........##.. ....#.#
####...............##..
...##.#####....s.................
................@................
....#######.##........#..........
....#.# ##'##........##....####.
###%#.####...#........##....# #.
#.#.#......#........##....# #.
#.#.#......#........##....# #(
#.#.'.....##........##....# #%
#.#.#.....##........##....# #%
#.........####################.


You could see a scorpion.

Vanquished Creatures
  The ghost of Kassandra the Changer, an average MfTm of Makhleb (D:3)
  A hound (D:4)
  Natasha (thrice) (D:3)
  Ijyb (D:3)
  4 adders
  A giant mite (D:3)
  A worm (D:3)
  7 orcs (D:3)
  2 ball pythons (D:3)
  7 hobgoblins
  2 kobolds
  A quokka (D:3)
  10 bats
  6 giant cockroaches
  2 giant newts
  8 goblins
  8 jackals (D:3)
  3 rats
68 creatures vanquished.

Notes
Turn   | Place    | Note
--------------------------------------------------------------
     0 | D:1      | Kassandra, the Merfolk Transmuter, began the quest for the Orb.
     0 | D:1      | Reached XP level 1. HP: 15/15 MP: 3/3
   296 | D:1      | Reached XP level 2. HP: 21/21 MP: 4/4
   530 | D:1      | Reached skill level 4 in Unarmed Combat
   819 | D:1      | Reached XP level 3. HP: 8/26 MP: 6/6
  1134 | D:2      | Noticed Sigmund
  1803 | D:3      | Learned a level 3 spell: Spider Form
  1905 | D:3      | Reached XP level 4. HP: 14/32 MP: 5/7
  2183 | D:3      | Reached skill level 5 in Transmutations
  2503 | D:3      | Noticed Ijyb
  2539 | D:3      | Killed Ijyb
  2783 | D:3      | Noticed Natasha
  2790 | D:3      | Killed Natasha
  2790 | D:3      | Reached skill level 6 in Transmutations
  2790 | D:3      | Reached skill level 1 in Poison Magic
  2790 | D:3      | Reached XP level 5. HP: 25/37 MP: 1/9
  2828 | D:3      | Noticed Natasha
  2911 | D:3      | Killed Natasha
  3100 | D:3      | Noticed Kassandra's ghost (average MfTm)
  3125 | D:3      | Killed Kassandra's ghost
  3125 | D:3      | Reached skill level 7 in Transmutations
  3125 | D:3      | Reached XP level 6. HP: 24/43 MP: 4/10
  3266 | D:3      | Learned a level 4 spell: Ice Form
  3387 | D:3      | Noticed Natasha
  3394 | D:3      | Killed Natasha
  3580 | D:4      | Reached skill level 8 in Transmutations
  3637 | D:3      | Paralysed by a potion of paralysis for 4 turns
  3639 | D:3      | HP: 2/43 [scorpion (4)]
  3640 | D:3      | Slain by a scorpion

Action                   |  1- 3 |  4- 6 || total
-------------------------+-------+-------++-------
Melee: Unarmed           |   143 |   155 ||   298
 Cast: Beastly Appendage |     6 |     6 ||    12
       Spider Form       |     1 |    10 ||    11
  Use: Scroll            |       |     2 ||     2
       Potion            |       |     1 ||     1
 Stab: Sleeping          |     1 |     1 ||     2
